Map: Dusk Towers

Players

rawwrr

  • Race: Zerg Zerg

LilDicky - Winner!

  • Race: Terran Terran
  • League: Diamond

VOD

http://www.twitch.tv/tumescentpie

Description

Time

  • Played on: Nov. 26, 2015, 3:51 p.m.
  • Length: 6:25
Show
View Real Time Build Order
Export as new Build Order

rawwrr Zerg 

Build Orders: Hatch First 

Get SALT Encoding   

  12  0:01  Drone  
  13  0:12  Overlord  
  13  0:17  Drone  
  14  0:30  Drone  
  14  0:31  Drone  
  14  0:34  Drone  
  17  0:54  Hatchery  
  17  0:56  Drone  
  17  1:11  Spawning Pool  
  17  1:14  Drone  
  17  1:20  Drone  
  17  1:21  Extractor  
  17  1:44  Hatchery  
  16  1:47  Drone  
  16  1:49  Drone  
  18  1:59  Extractor  
  18  2:01  Drone x2  
  19  2:08  Overlord  
  19  2:18  Queen  
  22  2:26  Metabolic Boost  
  22  2:35  Queen  
  23  2:40  Drone  
  23  2:42  Drone  
  25  2:47  Drone  
  25  2:49  Drone  
  29  3:07  Queen  
  31  3:14  Queen  
  31  3:16  Zergling x2  
  31  3:17  Zergling x4  
  34  3:33  Lair  
  34  3:36  Extractor  
  34  3:37  Drone  
  34  3:38  Drone x3  
  34  3:39  Extractor  
  36  3:55  Drone  
  37  3:56  Drone x5  
  42  4:06  Overlord x2  
  42  4:18  Extractor  
  41  4:31  Baneling Nest  
  40  4:37  Drone x7  
  40  4:38  Drone x2  
  49  5:03  Spire  
  49  5:06  Drone x5  
  53  5:07  Evolution Chamber  
  53  5:08  Evolution Chamber  
  53  5:11  Overseer  
  53  5:13  Overseer  
  51  5:19  Overlord  
  51  5:20  Overlord  
  51  5:32  Drone x5  
  52  6:00  Zergling x2  
  52  6:01  Zergling x28  
Show
View Real Time Build Order
Export as new Build Order

LilDicky Terran - Winner!

Build Orders:  

Get SALT Encoding   

  12  0:02  SCV  
  13  0:14  SCV  
  14  0:18  Supply Depot  
  14  0:26  SCV  
  15  0:30  Refinery  
  15  0:40  SCV  
  16  0:45  Barracks  
  16  0:52  SCV  
  17  1:05  SCV  
  18  1:17  SCV  
  19  1:29  SCV  
  19  1:31  Reaper  
  21  1:41  Orbital Command  
  21  1:48  Command Center  
  21  2:04  Reaper  
  21  2:07  SCV  
  23  2:10  Supply Depot  
  23  2:20  Factory  
  23  2:26  Refinery  
  23  2:37  Barracks Reactor  
  23  2:42  Barracks  
  23  2:46  SCV  
  23  2:47  Barracks  
  24  2:58  SCV  
  25  3:01  Orbital Command  
  25  3:31  SCV  
  26  3:42  Barracks Tech Lab  
  26  3:43  Barracks Tech Lab  
  26  3:59  Hellion x2  
  26  4:01  Barracks Tech Lab  
  29  4:04  Marauder x2  
  29  4:05  Concussive Shells  
  29  4:08  Stimpack  
  33  4:12  Supply Depot  
  33  4:14  SCV x2, Supply Depot  
  35  4:21  Hellion x2  
  35  4:22  Refinery  
  39  4:25  Marauder  
  39  4:26  SCV  
  39  4:27  Marauder  
  39  4:29  Marauder  
  46  4:34  SCV  
  47  4:43  Armory  
  47  4:46  SCV  
  47  4:47  SCV, Supply Depot  
  47  4:48  Marauder  
  47  4:51  Hellion  
  53  4:53  Hellion  
  55  5:04  Marauder  
  55  5:05  Marauder  
  59  5:10  Marauder  
  59  5:11  SCV x2  
  63  5:19  Refinery  
  63  5:22  Widow Mine  
  63  5:23  SCV x2  
  63  5:26  Marauder  
  69  5:32  Engineering Bay  
  69  5:57  Marauder  
Tags
 
Add a new tag
Caveats
  • Supply blocks, unpowered buildings, or Contaminate may cause inaccurate times.
  • Supply counts are checked every 10 seconds.